 Dungeon Crawl Stone Soup version 0.20.0 (webtiles) character file.

4734 Llamajah the Nimble (level 10, -7/132 HPs)
             Began as a Minotaur Berserker on June 7, 2017.
             Was an Elder of Trog.
             Mangled by a cyan ugly thing (13 damage)
             ... on level 7 of the Dungeon.
             The game lasted 00:29:47 (8492 turns).

Llamajah the Nimble (Minotaur Berserker)            Turns: 8492, Time: 00:29:49

Health: -7/132     AC:  6    Str: 27    XL:     10   Next: 22%
Magic:  12/12      EV: 19    Int:  7    God:    Trog [****..]
Gold:   370        SH:  0    Dex: 13    Spells: 9/9 levels left

rFire    . . .     SeeInvis .   a - +2 hand axe
rCold    . . .     Gourm    .   (no shield)
rNeg     + . .     Faith    .   E - +2 robe {rN+}
rPois    .         Spirit   .   (helmet restricted)
rElec    .         Reflect  .   (no cloak)
rCorr    .         Harm     .   w - +0 pair of gloves
MR       .....                  (no boots)
Stlth    ..........             (no amulet)
Regen    0.4/turn               z - +3 ring of intelligence
MPRegen  0.2/turn               f - +1 ring of evasion

@: berserking (expiring), very quick
A: retaliatory headbutt, horns 2
a: Berserk, Trog's Hand, Brothers in Arms, Burn Spellbooks, Renounce Religion


You were on level 7 of the Dungeon.
You worshipped Trog.
Trog was greatly pleased with you.
You were hungry.

You visited 1 branch of the dungeon, and saw 7 of its levels.

You collected 370 gold pieces.

Inventory:

Hand Weapons
 a - a +2 hand axe (weapon)
 x - a +0 shortbow
Missiles
 y - 213 arrows
Armour
 b - a +0 animal skin
 g - a cursed +0 chain mail
 w - a +0 pair of gloves (worn)
 E - a +2 robe of positive energy (worn)
Jewellery
 f - a +1 ring of evasion (right hand)
 q - an uncursed ring of flight
 u - an uncursed ring of protection from cold
 z - a +3 ring of intelligence (left hand)
 F - an uncursed ring of magical power
Wands
 e - a wand of lightning (7/15)
 t - a wand of polymorph (24/24)
 C - a wand of iceblast (3/15)
Scrolls
 d - 2 scrolls of magic mapping
 h - 2 scrolls of fear
 i - a scroll of fog
 l - 2 scrolls of blinking
 m - a scroll of teleportation
 o - a scroll of recharging
 r - 5 scrolls of remove curse
Potions
 j - 2 potions of haste
 n - a potion of curing
 p - a potion of berserk rage
 s - 3 potions of might {unknown}
 v - a potion of agility {unknown}
 A - a potion of flight {unknown}
 D - a potion of brilliance {unknown}
Comestibles
 c - 5 bread rations
 k - 6 meat rations
 B - a chunk of flesh
 G - 3 royal jellies


   Skills:
 + Level 8.2 Fighting
 + Level 7.9 Axes
 + Level 5.0 Bows
 + Level 7.5 Armour
 * Level 9.6 Dodging
 + Level 4.2 Evocations


You had 9 spell levels left.
You didn't know any spells.

Dungeon Overview and Level Annotations

Branches:
Dungeon (7/15)             Temple (0/1) D:7

Altars:
Ashenzari
Cheibriados
Elyvilon
Fedhas
Gozag
Kikubaaqudgha
Qazlal
Xom
Yredelemnul
The Shining One
Lugonu

Annotations:
D:7 1 runed door


Innate Abilities, Weirdness & Mutations

You reflexively headbutt those who attack you in melee.
You have a pair of horns on your head.


Message History

The cyan ugly thing is moderately wounded.
You closely miss the cyan ugly thing. You hit the small abomination.
You destroy the small abomination!
Trog accepts your kill. Something barely misses you.
A small abomination comes into view.
You closely miss the cyan ugly thing.
Your headbutt misses the cyan ugly thing.
The cyan ugly thing is moderately wounded.
You hit something. You hit the cyan ugly thing.
Something hits you but does no damage.
Deactivating autopickup; reactivate with Ctrl-A.
The cyan ugly thing misses you. Something closely misses you.
You slash the cyan ugly thing!
Your headbutt misses the cyan ugly thing.
The cyan ugly thing is heavily wounded.
You hit something. You hit the cyan ugly thing. Something hits you.
* * * LOW HITPOINT WARNING * * *
The cyan ugly thing stings you!
You die...

.....#.....## ##.#.## ##..#####
.....#.....# ###...###.
#.>#.... .......#.#.# .##.##..#
#..#.### .......#'#.##
..###...###..#.#
............###(......###...#.#
..........#...##x$([.##...#...#
..........###..#xxx}.#..###.###
.⌠........#...##uux[.##...#.#
............###.@.u...###...#
...........##....###.#.###..#
...........#....##.## #..#
...........###..#...# #..#
............©#.##.#.## ##..#
.............###..#..####...#
..........#......###........#
########...................##
....########....#.....######


You could see 3 ugly things and 5 small abominations.

Vanquished Creatures
  An unseen horror (D:7)
  Pikel (D:7)
  The ghost of Ryco the Chopper, an amateur MiFi of Okawaru (D:7)
  The ghost of Llamajah the Covered, an amateur FoFi (D:4)
  4 hogs (D:7)
  A human (D:7)
  2 small abominations (D:7)
  A hungry ghost (D:6)
  Duvessa (D:7)
  3 slaves
  An ice beast (D:6)
  A sky beast (D:5)
  4 ogres
  7 centaurs
  A bullfrog (D:7)
  A big kobold (D:7)
  A water moccasin zombie (D:5)
  Dowan (D:7)
  3 scorpions
  2 howler monkeys (D:6)
  3 hounds
  A jelly (D:6)
  A bullfrog skeleton (D:6)
  2 orc priests (D:5)
  An orc wizard (D:3)
  An iguana (D:7)
  6 worker ants
  10 adders
  3 gnolls (D:4)
  A shadow imp (D:5)
  2 oozes
  7 worms
  5 leopard geckos
  17 orcs
  3 giant cockroaches
  11 goblins
  16 hobgoblins
  16 jackals
  6 quokkas
  3 ball pythons
  12 bats
  4 frilled lizards
  16 kobolds
  A quokka skeleton (D:5)
  6 rats
  A spectral orc (D:3)
193 creatures vanquished.

Vanquished Creatures (others)
  A hound (D:7)
1 creature vanquished.

Grand Total: 194 creatures vanquished

Notes
Turn   | Place    | Note
-------+----------+-------------------------------------------
     0 | D:1      | Llamajah the Minotaur Berserker began the quest for the Orb.
     0 | D:1      | Reached XP level 1. HP: 19/19 MP: 0/0
   330 | D:1      | Reached XP level 2. HP: 26/27 MP: 1/1
  1176 | D:2      | Reached XP level 3. HP: 32/33 MP: 2/2
  1292 | D:2      | You fall through a shaft!
  1300 | D:3      | Reached ** piety under Trog
  1300 | D:3      | Reached skill level 3 in Dodging
  1622 | D:2      | Reached XP level 4. HP: 40/40 MP: 3/3
  2114 | D:3      | Reached skill level 4 in Dodging
  2114 | D:3      | Reached XP level 5. HP: 22/47 MP: 4/4
  2422 | D:3      | Found an ancient bone altar of Kikubaaqudgha.
  2426 | D:3      | Found a glowing golden altar of the Shining One.
  2430 | D:3      | Reached *** piety under Trog
  2528 | D:3      | Found a stormy altar of Qazlal.
  2627 | D:3      | Found a shimmering altar of Xom.
  2766 | D:3      | Found a basalt altar of Yredelemnul.
  3022 | D:4      | Noticed an ogre
  3031 | D:4      | Killed an ogre
  3031 | D:4      | Reached skill level 5 in Fighting
  3031 | D:4      | Reached XP level 6. HP: 56/56 MP: 5/5
  3079 | D:4      | Noticed Llamajah's ghost (amateur FoFi)
  3092 | D:4      | Killed Llamajah's ghost
  3092 | D:4      | Reached skill level 5 in Axes
  3092 | D:4      | Reached skill level 5 in Dodging
  3305 | D:4      | Found a blossoming altar of Fedhas.
  3313 | D:4      | Reached XP level 7. HP: 49/61 MP: 6/6
  3724 | D:4      | Reached skill level 6 in Dodging
  3782 | D:4      | Reached skill level 5 in Armour
  3975 | D:5      | Entered Level 5 of the Dungeon
  4027 | D:5      | Reached skill level 1 in Bows
  4255 | D:5      | Reached skill level 1 in Evocations
  4265 | D:5      | Reached XP level 8. HP: 33/70 MP: 7/7
  5319 | D:5      | Reached skill level 7 in Dodging
  5621 | D:6      | Reached **** piety under Trog
  5677 | D:6      | Received a gift from Trog
  5697 | D:6      | Found a white marble altar of Elyvilon.
  6174 | D:6      | Reached XP level 9. HP: 65/79 MP: 10/10
  6503 | D:7      | Found a staircase to the Ecumenical Temple.
  6650 | D:7      | Noticed Ryco's ghost (amateur MiFi)
  6656 | D:7      | Reached skill level 8 in Dodging
  6661 | D:7      | Killed Ryco's ghost
  6962 | D:7      | Found an opulent altar of Gozag.
  6962 | D:7      | Found a shattered altar of Ashenzari.
  7034 | D:7      | Noticed Duvessa
  7036 | D:7      | Noticed Dowan
  7040 | D:7      | Killed Duvessa
  7044 | D:7      | Killed Dowan
  7086 | D:7      | Found a runed door.
  7105 | D:7      | Found a snail-covered altar of Cheibriados.
  7106 | D:7      | Noticed Pikel
  7284 | D:7      | Killed Pikel
  7426 | D:7      | Found a corrupted altar of Lugonu.
  7526 | D:7      | Reached skill level 9 in Dodging
  7713 | D:7      | Found a stormy altar of Qazlal.
  8138 | D:7      | Reached XP level 10. HP: 49/88 MP: 11/11
  8476 | D:7      | Noticed a cyan ugly thing
  8480 | D:7      | Noticed a red ugly thing
  8481 | D:7      | Noticed a purple ugly thing
  8486 | D:7      | Killed an unseen horror
  8486 | D:7      | Reached skill level 5 in Bows
  8492 | D:7      | HP: 6/132 [something (4)]
  8492 | D:7      | Mangled by a cyan ugly thing

Skill      XL: |  1  2  3  4  5  6  7  8  9 10 |
---------------+-------------------------------+-----
Fighting       | 4 5 6 7 8 |  8.2
Axes           | 4 5 6 7 |  7.9
Armour         | 3 4 5 6 7 |  7.5
Dodging        | 3 4 5 6 7 9 |  9.6
Bows           | 1 2 4 5 |  5.0
Evocations     | 1 2 3 4 |  4.2

Action                   |  1- 3 |  4- 6 |  7- 9 | 10-12 || total
-------------------------+-------+-------+-------+-------++-------
Melee: Hand axe          |    76 |   115 |   247 |    18 ||   456
       Headbutt          |    11 |    29 |    52 |     4 ||    96
Invok: Berserk           |     1 |     3 |    12 |     1 ||    17
Evoke: Wand              |       |       |       |     1 ||     1
  Use: Scroll            |       |       |    17 |       ||    17
       Potion            |       |       |     2 |       ||     2
 Stab: Sleeping          |       |     1 |       |       ||     1
       Distracted        |       |       |     1 |       ||     1
  Eat: Chunk             |     3 |     8 |    17 |     1 ||    29
       Fruit             |       |       |     4 |       ||     4
       Meat ration       |       |       |     1 |       ||     1
       Royal jelly       |       |       |     1 |       ||     1
Armor: Animal skin       |    15 |    18 |    22 |       ||    55
       Robe              |       |       |     2 |     5 ||     7
Dodge: Dodged            |    54 |    82 |   247 |    17 ||   400
